 Dungeon Crawl Stone Soup version 0.30-b1-5-g8e6c1be481 (webtiles) character file.

Game seed: 3533109987598785075

10593 safid the Frost Mage (level 11, -21/89 HPs)
             Began as a Merfolk Ice Elementalist on May 3, 2023.
             Was a Follower of Vehumet.
             Killed by the air
             ... invoked by Gastronok
              (22 damage)
             ... on level 9 of the Dungeon on May 4, 2023.
             The game lasted 00:22:46 (9862 turns).

safid the Frost Mage (Merfolk Ice Elementalist)     Turns: 9862, Time: 00:22:46

Health: -21/89     AC:  7    Str:  8    XL:     11   Next: 64%
Magic:  34/34      EV: 12    Int: 19    God:    Vehumet [*.....]
Gold:   392        SH:  5    Dex: 15    Spells: 23/30 levels left

rFire   . . .        s - +1 hammer "Orb Guardian's Regret" {freeze, rC+ Will+}
rCold   + . .        l - +0 buckler
rNeg    . . .        a - +0 robe
rPois   .            u - +1 helmet
rElec   .            (no cloak)
rCorr   .            D - +0 pair of gloves
SInv    .            K - +1 pair of boots {rampage}
Will    +....        c - amulet of magic regeneration
Stlth   ++           y - ring of magical power
HPRegen 0.34/turn    (no ring)
MPRegen 0.64/turn

%: rampage
@: slowed, very slow
A: (nimble swimmer 2), mertail
a: Renounce Religion


You were on level 9 of the Dungeon.
You worshipped Vehumet.
Vehumet was aware of your devotion.
You visited 2 branches of the dungeon, and saw 10 of its levels.

You collected 518 gold pieces.
You spent 126 gold pieces at shops.

Inventory:

Hand Weapons
 s - the +1 hammer "Orb Guardian's Regret" (weapon) {freeze, rC+ Will+}
   (You found it on level 3 of the Dungeon)

   rC:        It protects you from cold.
   Will:      It increases your willpower.
Missiles
 n - 7 throwing nets
 H - 3 curare-tipped darts
Armour
 a - a +0 robe (worn)
 l - a +0 buckler (worn)
 u - a +1 helmet (worn)
 D - a +0 pair of gloves (worn)
 K - a +1 pair of boots of rampaging (worn)
Jewellery
 c - an amulet of magic regeneration (around neck)
 i - a ring of ice
 v - a ring of fire
 y - a ring of magical power (left hand)
 F - a ring of see invisible
Wands
 I - a wand of iceblast (20)
Scrolls
 d - a scroll of teleportation
 e - 2 scrolls of noise {unknown}
 f - 2 scrolls of enchant weapon
 h - 4 scrolls of enchant armour
 j - 2 scrolls of amnesia
 k - a scroll of identify
 m - a scroll of vulnerability {unknown}
 o - a scroll of acquirement {unknown}
 w - 3 scrolls of fear
 A - a scroll of fog {unknown}
 B - a scroll of torment {unknown}
 E - a scroll of immolation {unknown}
 G - 3 scrolls of butterflies
 J - 2 scrolls of brand weapon {unknown}
Potions
 b - a potion of magic
 g - 4 potions of curing
 p - a potion of might {unknown}
 q - 4 potions of haste
 r - a potion of ambrosia {unknown}
 t - 2 potions of attraction {unknown}
 x - 2 potions of mutation {unknown}
 z - 3 potions of brilliance {unknown}
 C - a potion of heal wounds


   Skills:
 * Level 9.2 Fighting
 - Level 1.6 Short Blades
 + Level 3.4 Dodging
 - Level 2.1 Stealth
 - Level 4.0 Shields
 - Level 0.2 Unarmed Combat
 - Level 10.0 Spellcasting
 + Level 12.8 Ice Magic


You had 23 spell levels left.
You knew the following spells:

 Your Spells              Type           Power      Damage    Failure   Level
a - Freeze                Ice            100%       1d10      1%          1
b - Frozen Ramparts       Ice            100%       1d16      1%          3
c - Ozocubu's Armour      Ice            55%        N/A       1%          3

Your spell library contained the following spells:

 Spells                   Type           Power      Damage    Failure   Level
 Summon Ice Beast         Ice/Summ       33%        N/A       9%          4
 Magic Dart               Conj           36%        1d4       11%         1
 Call Imp                 Summ           18%        N/A       17%         2
 Poisonous Vapours        Pois/Air       18%        N/A       17%         2
 Mephitic Cloud           Conj/Pois/Air  9%         N/A       32%         3
 Summon Guardian Golem    Hex/Summ       9%         N/A       32%         3
 Vhi's Electric Charge    Tloc/Air       18%        N/A       32%         3
 Freezing Cloud           Conj/Ice/Air   12%        6-21      47%         5
 Animate Dead             Necr           9%         N/A       73%         4
 Manifold Assault         Tloc           9%         N/A       73%         4
 Arcjolt                  Conj/Air       4%         1d14      97%         5
 Dispersal                Tloc           4%         N/A       100%        6
 Plasma Beam              Fire/Air       4%         2x1d16    100%        6
 Haunt                    Necr/Summ      4%         N/A       100%        7
 Orb of Destruction       Conj           4%         9d5       100%        7
 Spellforged Servitor     Conj/Summ      4%         N/A       100%        7
 Disjunction              Tloc           4%         N/A       100%        8
 Infestation              Necr           4%         N/A       100%        8


Dungeon Overview and Level Annotations

Branches:
Dungeon (9/15)             Temple (1/1) D:7
   Lair: D:8-11         Orc: D:9-12

Altars:
Ashenzari
Dithmenos
Elyvilon
Fedhas
Gozag
Hepliaklqana
Makhleb
Okawaru
Qazlal
Ru
Sif Muna
Trog
Uskayaw
Vehumet
Wu Jian
Xom
Yredelemnul
Zin
The Shining One

Shops:
D:4 [

Annotations:
D:3 2 transporters, 1 runed translucent door, Crazy Yiuf; Kazon's ghost, amateur HuFi
D:5 2 transporters, sigtrap's ghost, novice DsGl
D:9 Gastronok


Innate Abilities, Weirdness & Mutations

((You are very nimble when in or above water. (Stealth+, EV+, Speed+++)))
Your lower body shifts to a powerful aquatic tail in water.


Message History

You destroy the wraith!
Vehumet accepts your kill.
A wolf comes into view.
You block the freezing wraith's attack. x2; The freezing wraith hits you!
The freezing wraith freezes you! You resist. The freezing wraith hits you.
The freezing wraith drains your vigour!
You feel as though you will be slow longer.
Your icy armour will break if you move.
Continue?
Okay, then.
Your icy armour will break if you move.
Continue?
Your icy armour cracks and falls away as you move.
Gastronok chants a spell, wobbling all the while.
The freezing wraith attacks as you move away!
The freezing wraith hits you! The freezing wraith freezes you! You resist.
The freezing wraith barely misses you.
Gastronok gurgles, "A snack!
A snack!"
Gastronok's eyestalks quiver as he mumbles some strange words.
Gastronok puts on a burst of speed!
The freezing wraith closely misses you. The freezing wraith hits you!
* * * LOW HITPOINT WARNING * * *
The freezing wraith drains your vigour!
You feel as though you will be slow longer.
Unknown command.
The freezing wraith attacks as you move away!
You block the freezing wraith's attack. The freezing wraith hits you.
* * * LOW HITPOINT WARNING * * *
The freezing wraith hits you but does no damage.
The freezing wraith barely misses you.
There is an escape hatch in the ceiling here.
Unknown command.
Unknown command.
Unknown command.
The freezing wraith hits you!
* * * LOW HITPOINT WARNING * * *
The freezing wraith freezes you! You resist.
* * * LOW HITPOINT WARNING * * *
The freezing wraith closely misses you.
Gastronok waves his eye-stalks in wide circles.
The air twists around and strikes you!!
You die...

##### .....##### .........#
######### ..?......#
#.......#
#........###.......###
..........W@.........###
........r.###'####...#..
..........###.# #...#.#
..........#...# #...#.#
h...w.....#.######...#.#####
......)...............>....#
....#####.#.#########.......
##.. #.#.# #..##### #. #.#.#
#..##...


You could see Gastronok (swift), a freezing wraith and a rat (summoned).

Vanquished Creatures
  A two-headed ogre (D:9)
  Amaemon (D:8)
  Pikel (D:6)
  4 manticores
  Joseph (D:8)
  An orange demon (D:8)
  2 gargoyles
  Maggie (D:7)
  Psyche (D:8)
  A tengu conjurer (D:9)
  3 hornets
  Sigmund (D:4)
  2 wyverns
  3 wraiths
  2 vampire mosquitoes
  3 water moccasins
  2 black bears
  2 orc warriors
  2 sky beasts (D:7)
  2 ice beasts (D:7)
  3 ogres
  7 centaurs
  3 lemures (D:6)
  7 kobold brigands
  2 bullfrogs (D:7)
  3 scorpions
  6 killer bees (D:9)
  An electric eel (D:7)
  2 howler monkeys
  A gnoll bouda (D:6)
  5 hounds
  A jelly (D:8)
  An orc priest (D:3)
  A sleepcap (D:5)
  5 iguanas
  3 orc wizards
  Natasha (thrice) (D:4)
  Robin (D:3)
  11 gnolls
  6 adders
  2 white imps
  An ufetubus (D:4)
  21 orcs
  8 ball pythons
  3 endoplasms
  4 giant cockroaches
  16 goblins
  6 hobgoblins
  3 jackals (D:1)
  3 quokkas
  4 bats
  2 frilled lizards
  40 kobolds
  6 rats
  A spectral goblin (D:2)
228 creatures vanquished.

Vanquished Creatures (others)
  15 plants
15 creatures vanquished.

Grand Total: 243 creatures vanquished

Notes
Turn   | Place    | Note
-------+----------+-------------------------------------------
     0 | D:1      | safid the Merfolk Ice Elementalist began the quest for the
                  | Orb.
     0 | D:1      | Reached XP level 1. HP: 13/13 MP: 3/3
   127 | D:1      | Reached XP level 2. HP: 18/20 MP: 1/5
   786 | D:1      | Reached skill level 5 in Ice Magic
   870 | D:1      | Reached skill level 1 in Fighting
  1059 | D:2      | Found a faded altar of an unknown god.
  1119 | D:2      | Reached XP level 3. HP: 26/26 MP: 3/6
  1153 | D:2      | Learned a level 3 spell: Frozen Ramparts
  1589 | D:2      | Reached XP level 4. HP: 31/32 MP: 7/7
  1611 | D:2      | Learned a level 3 spell: Ozocubu's Armour
  1854 | D:2      | Reached skill level 1 in Short Blades
  1929 | D:3      | Noticed Kazon's ghost (amateur HuFi)
  1929 | D:3      | Found a transporter.
  1939 | D:3      | Reached XP level 5. HP: 25/38 MP: 6/8
  2015 | D:3      | Noticed Robin
  2026 | D:3      | Killed Robin
  2213 | D:3      | Found a runed translucent door.
  2214 | D:3      | Noticed Crazy Yiuf
  2215 | D:3      | Identified the +1 hammer "Orb Guardian's Regret" {freeze,
                  | rC+ Will+}
  2737 | D:3      | Reached skill level 6 in Ice Magic
  2868 | D:3      | Found a transporter.
  3131 | D:4      | You fall into a shaft and drop 3 floors!
  3160 | D:6      | Reached XP level 6. HP: 47/47 MP: 8/10
  3188 | D:5      | Entered Level 5 of the Dungeon
  3247 | D:4      | Found Aguwul's Armour Emporium.
  3329 | D:4      | Bought a +1 helmet for 126 gold pieces
  3355 | D:4      | Noticed Natasha
  3365 | D:4      | Killed Natasha
  3420 | D:4      | Noticed Natasha
  3429 | D:4      | Killed Natasha
  3446 | D:4      | Noticed Natasha
  3452 | D:4      | Killed Natasha
  3550 | D:4      | Found a stormy altar of Qazlal.
  3578 | D:4      | Noticed Sigmund
  3599 | D:4      | Killed Sigmund
  3600 | D:4      | Reached skill level 1 in Shields
  3600 | D:4      | Reached XP level 7. HP: 37/53 MP: 8/12
  3753 | D:4      | Found a glowing silver altar of Zin.
  3907 | D:4      | Reached skill level 7 in Ice Magic
  4425 | D:4      | Found a glowing golden altar of the Shining One.
  4993 | D:5      | Found a transporter.
  4995 | D:5      | Found a transporter.
  4995 | D:5      | Identified the +6 dire flail of Governance {freeze, rC++}
  4996 | D:5      | Noticed sigtrap's ghost (novice DsGl)
  5256 | D:5      | Reached XP level 8. HP: 60/60 MP: 14/14
  5438 | D:5      | Reached skill level 5 in Spellcasting
  5810 | D:5      | Reached skill level 8 in Ice Magic
  5883 | D:6      | Found a sacrificial altar of Ru.
  6015 | D:6      | Reached skill level 5 in Fighting
  6088 | D:6      | Found a bloodstained altar of Trog.
  6304 | D:6      | Reached XP level 9. HP: 68/68 MP: 17/17
  6443 | D:6      | Found a hide-covered altar of Uskayaw.
  6473 | D:6      | Noticed Pikel
  6485 | D:6      | Killed Pikel
  6486 | D:6      | Reached skill level 9 in Ice Magic
  6620 | D:7      | Noticed Maggie
  6625 | D:7      | Found a staircase to the Ecumenical Temple.
  6633 | Temple   | Entered the Ecumenical Temple
  6644 | Temple   | Became a worshipper of Vehumet
  6701 | D:7      | Noticed a manticore
  6713 | D:7      | Killed a manticore
  6783 | D:7      | Noticed a manticore
  6787 | D:7      | Reached skill level 10 in Ice Magic
  6792 | D:7      | Killed a manticore
  6793 | D:7      | Reached XP level 10. HP: 55/77 MP: 21/21
  7300 | D:7      | Reached * piety under Vehumet
  7300 | D:7      | Offered knowledge of Magic Dart by Vehumet.
  7578 | D:7      | Reached skill level 11 in Ice Magic
  7621 | D:7      | Noticed a gargoyle
  7636 | D:7      | Killed a gargoyle
  7710 | D:7      | Killed Maggie
  7909 | D:7      | Noticed a manticore
  7919 | D:7      | Killed a manticore
  8100 | D:7      | Found a basalt altar of Yredelemnul.
  8141 | D:8      | Found a blossoming altar of Fedhas.
  8270 | D:8      | Noticed Psyche
  8275 | D:8      | Killed Psyche
  8279 | D:8      | Noticed Joseph
  8288 | D:8      | Killed Joseph
  8289 | D:8      | Reached XP level 11. HP: 77/86 MP: 24/24
  8564 | D:8      | Noticed Amaemon
  8582 | D:8      | Killed Amaemon
  8752 | D:8      | Found an opulent altar of Gozag.
  9018 | D:8      | Found a hazy altar of Hepliaklqana.
  9114 | D:9      | Reached skill level 12 in Ice Magic
  9427 | D:9      | Noticed a two-headed ogre
  9443 | D:9      | Killed a two-headed ogre
  9444 | D:9      | Reached skill level 10 in Spellcasting
  9470 | D:9      | Noticed a manticore
  9481 | D:9      | Killed a manticore
  9493 | D:9      | Noticed Gastronok
  9617 | D:9      | Noticed a boulder beetle
  9862 | D:9      | HP: 1/89 [freezing wraith (10)]
  9862 | D:9      | Killed from afar by Gastronok

Illustrated notes

Levels and vault maps discovered:
D:1:      matt_arrival_diagonals, layout_loops_ring
D:2:      layout_basic, dreamdust_ecumenical_altar_drowned_temple,
          kennysheep_cross_bottleneck
D:3:      layout_loops_ring, gammafunk_ghost_arena,
          chequers_serial_rivers_small_a, grunt_ministairs_14,
          serial_bayou_pond_e, uniq_robin, uniq_crazy_yiuf_cottage
D:4:      corexii_shack_village, layout_loops_ring,
          mainiacjoe_overflow_six_doors_small, nicolae_overflow_hidden_temple,
          tso_oasis_becter, serial_shops, shop, chequers_serial_rivers_micro_e,
          minmay_tree_intersection, grunt_ministairs_1, kennysheep_minor_cross,
          minmay_misc_feat_four_crosses, minivault_26, lexackson_kobold_supper,
          uniq_sigmund, uniq_natasha
D:5:      layout_basic, gammafunk_ghost_smash, minmay_misc_feat_pillars
D:6:      layout_rooms, mainiacjoe_overflow_catwalk, bloody_trog,
          lemuel_round_altar, minmay_misc_feat_columns, uniq_pikel
D:7:      nzn_winding_woodlands_small [nzn_winding_woodlands_5x15_eye,
          nzn_winding_woodlands_center_pierced_h,
          nzn_winding_woodlands_5x15_river_crossing], layout_loops_corners,
          lemuel_round_altar, minmay_temple_entry_grid, enter_bailey_2,
          uniq_maggie
D:8:      layout_rooms, mainiacjoe_overflow_alcove_1,
          mainiacjoe_overflow_tiny_flanked, grunt_gozag_breadcrumbs,
          uniq_amaemon, uniq_joseph, uniq_psyche
D:9:      layout_basic, dreamdust_princess_bridge, minmay_shattered_shrine,
          uniq_harold, uniq_grum, uniq_gastronok
Temple:   hellmonk_temple_rainy

Skill      XL: |  1  2  3  4  5  6  7  8  9 10 11 |
---------------+----------------------------------+-----
Ice Magic      | 5 6 7 8 10 11 12 | 12.8
Fighting       | 1 2 3 4 5 6 8 9 |  9.2
Short Blades   | 1 |  1.6
Spellcasting   | 3 4 5 7 9 10 | 10.0
Shields        | 1 2 3 4 |  4.0
Dodging        | 3 |  3.4
Stealth        | |  2.1
Unarmed Combat | |  0.2

Action                     |  1- 3 |  4- 6 |  7- 9 | 10-12 || total
---------------------------+-------+-------+-------+-------++-------
  Melee: Unarmed           |    10 |       |       |       ||    10
         Spear             |    45 |       |       |       ||    45
         Dagger            |    73 |    36 |       |       ||   109
         Mace              |       |    31 |   111 |    48 ||   190
   Cast: Freeze            |    15 |    29 |    19 |    79 ||   142
         Frozen Ramparts   |       |     7 |    31 |    41 ||    79
         Ozocubu's Armour  |       |     2 |    19 |    32 ||    53
    Use: Potion            |       |     4 |       |     2 ||     6
         Scroll            |       |       |     4 |     4 ||     8
   Stab: Sleeping          |     1 |     2 |     3 |       ||     6
         Distracted        |       |     1 |       |       ||     1
 Armour: Robe              |    28 |    27 |    85 |    67 ||   207
  Dodge: Dodged            |   115 |    63 |   120 |   109 ||   407
  Block: Buckler           |       |       |    42 |    47 ||    89
